Map: King's Cove LE

Players

guitarmusash - Winner!

  • Race: Terran Terran
  • League: Bronze
  • Spawn Location: 5:00

VOD

Have the link to the VOD?

Description

Test to add times to build

Time

  • Played on: Feb. 28, 2019, 2:56 p.m.
  • Length: 10:09
Show
View Real Time Build Order
Export as new Build Order

guitarmusash Terran - Winner!

Build Orders:  

Get SALT Encoding   

  12  0:01  SCV  
  13  0:18  SCV  
  14  0:26  Supply Depot  
  14  0:35  SCV  
  15  0:56  SCV  
  15  0:59  Barracks  
  16  1:06  Refinery  
  16  1:15  SCV  
  17  1:32  SCV  
  18  1:49  SCV  
  21  2:11  Orbital Command, Reaper  
  20  2:32  Command Center  
  20  2:41  Refinery  
  20  2:51  Supply Depot  
  20  2:57  SCV  
  21  3:12  Barracks Reactor  
  21  3:24  Factory  
  21  3:29  SCV  
  22  3:42  Unknown  
  22  3:46  SCV  
  23  4:03  Marine, SCV  
  23  4:04  Marine  
  26  4:13  Orbital Command  
  26  4:20  SCV  
  27  4:30  Starport  
  27  4:31  Factory Tech Lab  
  27  4:34  Marine  
  27  4:37  SCV  
  27  4:38  Marine  
  30  4:52  SCV  
  30  4:54  SCV  
  32  5:05  Engineering Bay  
  32  5:09  Engineering Bay, SCV  
  33  5:11  SCV  
  33  5:17  Marine x2  
  36  5:25  SCV  
  36  5:28  SCV  
  36  5:29  Starport Reactor  
  38  5:37  Supply Depot  
  38  5:42  SCV  
  38  5:45  SCV  
  40  5:55  Terran Infantry Weapons Level 1, Terran Infantry Armor Level 1  
  40  5:59  SCV, Marine x2  
  43  6:02  SCV  
  43  6:07  Siege Tank  
  47  6:13  Supply Depot  
  47  6:16  SCV  
  47  6:19  SCV  
  49  6:22  Viking  
  49  6:29  Medivac  
  53  6:32  Marine  
  53  6:39  Supply Depot  
  54  6:43  Marine, SCV  
  54  6:45  Refinery  
  54  6:48  Refinery  
  56  7:06  Barracks  
  56  7:08  Barracks  
  56  7:11  Barracks  
  56  7:16  SCV  
  56  7:18  SCV  
  58  7:39  Marine x2  
  60  7:40  SCV x2  
  60  7:43  Command Center  
  60  7:46  Siege Tank  
  65  7:56  Supply Depot  
  65  7:57  SCV  
  66  8:07  Armory  
  66  8:24  Barracks Tech Lab x2  
  66  8:25  Barracks Reactor  
  66  8:28  Marine x2  
  68  8:31  Siege Tank  
  68  8:32  Medivac x2  
  75  8:41  Supply Depot  
  75  8:52  Marine  
  75  8:53  Marine  
  77  9:05  Marine  
  78  9:11  Marine  
  78  9:17  Marine  
  78  9:18  Supply Depot  
  80  9:26  Marine x3  
  80  9:27  Supply Depot  
  82  9:30  Marauder  
  82  9:36  Marauder  
  86  9:42  Marine  
Tags
 
Add a new tag
Caveats
  • Supply blocks, unpowered buildings, or Contaminate may cause inaccurate times.
  • Supply counts are checked every 10 seconds.